 Dungeon Crawl Stone Soup version 0.18.1-47-g9310371 (webtiles) character file.

715 Kisielow the Insei (level 7, -1/52 HPs)
             Began as a Merfolk Transmuter on June 23, 2016.
             Slain by Mupoivec the merfolk
             ... wielding a +2 trident of freezing
             ... created by the player character
              (9 damage)
             ... on level 5 of the Dungeon.
             The game lasted 00:15:57 (3702 turns).

Kisielow the Insei (Merfolk Transmuter)             Turns: 3702, Time: 00:15:58

Health: -1/52      AC:  2    Str: 10    XL:     7   Next: 69%
Magic:  17/19      EV: 21    Int: 15    God:
Gold:   87         SH:  0    Dex: 19    Spells: 3 memorised, 2 levels left

rFire  . . .     SeeInvis .       - Unarmed
rCold  . . .     Gourm    .     (armour currently unavailable)
rNeg   . . .     Faith    .     (shield currently unavailable)
rPois  x         Spirit   .     (helmet currently unavailable)
rElec  .         Dismiss  .     (cloak currently unavailable)
rCorr  .         Reflect  .     (gloves currently unavailable)
SustAt .         Harm     .     (boots currently unavailable)
MR     .....                    r - amulet of regeneration
Stlth  ++........               (no ring)
                                l - ring of magical power

@: spider-form, not resistant to hostile enchantments, unstealthy
A: (change form in water), (swift swim)
a: End Transformation


You were on level 5 of the Dungeon.
You were not hungry.
You were a venomous arachnid creature.
You visited 1 branch of the dungeon, and saw 5 of its levels.

You collected 232 gold pieces.

Inventory:

Missiles
 a - 49 arrows
Armour
 b - a +1 robe (melded)
 j - a +0 pair of boots
Jewellery
 l - a ring of magical power (left front leg)
 r - an amulet of regeneration (around neck)
Scrolls
 i - a scroll of recharging
Potions
 e - 3 potions of curing
 f - 5 potions of heal wounds
 h - 2 potions of brilliance {unknown}
 m - a potion of degeneration {unknown}
 o - a potion of agility
Books
 c - a book of Changes

   Spells                             Type                      Level
   a - Beastly Appendage              Transmutation                1
   b - Sticks to Snakes               Transmutation                2
   c - Spider Form                    Transmutation/Poison         3
   d - Ice Form                       Ice/Transmutation            4
   e - Blade Hands                    Transmutation                5
Miscellaneous
 k - a plain deck of wonders {drawn: 2}
Comestibles
 d - 3 bread rations
 g - 17 chunks of flesh


   Skills:
 + Level 3.5 Fighting
 - Level 2.6 Dodging
 * Level 7.0 Unarmed Combat
 - Level 2.0 Spellcasting
 - Level 6.5 Transmutations
 - Level 2.0 Poison Magic


You had 2 spell levels left.
You knew the following spells:

 Your Spells              Type           Power        Failure   Level  Hunger
a - Beastly Appendage     Trmt           ###...       6%          1    #......
q - Spider Form           Trmt/Pois      ##........   32%         3    ###....
w - Ice Form              Ice/Trmt       ##......     85%         4    #####..


Dungeon Overview and Level Annotations

Branches:
Dungeon (5/15)
 Temple: D:4-7

Altars:
Elyvilon
Nemelex Xobeh
Qazlal
Trog
Zin
The Shining One

Annotations:
D:4 Blork the orc


Message History

You turn into a venomous arachnid creature.
Your +1 robe melds into your body.
You climb upwards.
Level annotation: Blork the orc Mupoivec hits you with a trident of freezing.
Mupoivec freezes you.
There is a stone staircase leading down here.
Blork the orc casts a cantrip, but nothing happens.
Mupoivec closely misses you.
You climb downwards.
There is a stone staircase leading up here.
You hit Mupoivec but do no damage.
Mupoivec is poisoned.
You hit Mupoivec but do no damage.
Mupoivec hits you with a trident of freezing!
Mupoivec freezes you.
You hit Mupoivec but do no damage.
Mupoivec looks even sicker.
Mupoivec hits you with a trident of freezing!!
* * * LOW HITPOINT WARNING * * *
Mupoivec freezes you!
You die...

#.# #.# #.# ♣♣
####.#
♣..#.....
........#
.......m#######
#...s.......
#.#########.


You could see Mupoivec the merfolk.

Vanquished Creatures
  3 eyes of draining (D:3)
  A giant frog (D:4)
  3 orc priests
  A hound (D:4)
  3 orc wizards
  A worker ant (D:4)
  An iguana (D:4)
  A gnoll (D:1)
  8 adders
  An ooze (D:2)
  12 orcs
  3 giant cockroaches
  A goblin (D:3)
  6 hobgoblins
  3 ball pythons
  5 bats
  5 giant newts
  4 kobolds
  7 rats
69 creatures vanquished.

Vanquished Creatures (others)
  A naga (D:4)
1 creature vanquished.

Grand Total: 70 creatures vanquished

Notes
Turn   | Place    | Note
--------------------------------------------------------------
     0 | D:1      | Kisielow the Merfolk Transmuter began the quest for the Orb.
     0 | D:1      | Reached XP level 1. HP: 15/15 MP: 3/3
   436 | D:1      | Reached XP level 2. HP: 16/21 MP: 5/5
   453 | D:1      | Reached skill level 4 in Unarmed Combat
  1212 | D:1      | Reached XP level 3. HP: 26/26 MP: 6/6
  1320 | D:1      | Learned a level 3 spell: Spider Form
  1685 | D:2      | Reached skill level 1 in Poison Magic
  1863 | D:2      | Reached XP level 4. HP: 26/32 MP: 7/7
  2104 | D:3      | Found a stormy altar of Qazlal.
  2487 | D:3      | Found a bloodstained altar of Trog.
  2487 | D:3      | Noticed an eye of draining
  2487 | D:3      | Noticed an eye of draining
  2488 | D:3      | Noticed an eye of draining
  2654 | D:3      | Reached XP level 5. HP: 28/37 MP: 8/8
  2662 | D:3      | Reached skill level 5 in Transmutations
  2748 | D:3      | Killed an eye of draining
  2748 | D:3      | Reached XP level 6. HP: 43/43 MP: 1/9
  2765 | D:3      | Killed an eye of draining
  2765 | D:3      | Reached skill level 5 in Unarmed Combat
  2782 | D:3      | Killed an eye of draining
  2919 | D:3      | Reached XP level 7. HP: 34/51 MP: 10/10
  2954 | D:3      | Learned a level 4 spell: Ice Form
  2992 | D:3      | Found a white marble altar of Elyvilon.
  2993 | D:3      | Found a glowing silver altar of Zin.
  2995 | D:3      | Found a glowing golden altar of the Shining One.
  3075 | D:4      | Reached skill level 6 in Unarmed Combat
  3233 | D:4      | Found a sparkling altar of Nemelex Xobeh.
  3533 | D:4      | Reached skill level 7 in Unarmed Combat
  3583 | D:4      | Noticed Blork the orc
  3584 | D:4      | Noticed Mupoivec
  3585 | D:4      | Hired Lyddiwer the naga for 145 gold.
  3590 | D:4      | Your ally Lyddiwer died
  3624 | D:5      | Entered Level 5 of the Dungeon
  3702 | D:5      | Slain by Mupoivec the merfolk

Skill      XL: |  1  2  3  4  5  6  7 |
---------------+----------------------+-----
Unarmed Combat | 4 5 7 |  7.0
Transmutations | 3 4 6 |  6.5
Poison Magic   | 1 2 |  2.0
Fighting       | 2 3 |  3.5
Dodging        | |  2.6
Spellcasting   | |  2.0

Action                   |  1- 3 |  4- 6 |  7- 9 || total
-------------------------+-------+-------+-------++-------
Melee: Unarmed           |    99 |   104 |    61 ||   264
       Headbutt          |     9 |     1 |       ||    10
       Punch             |     1 |       |       ||     1
 Cast: Beastly Appendage |    11 |     3 |       ||    14
       Spider Form       |       |    12 |    10 ||    22
 Abil: End Transformatio |       |     1 |       ||     1
Evoke: Deck              |       |       |     2 ||     2
  Use: Scroll            |       |     8 |       ||     8
 Stab: Sleeping          |     1 |       |     1 ||     2
  Eat: Chunk             |     3 |     5 |     4 ||    12
Armor: Robe              |    20 |     4 |       ||    24
       Skin              |       |     4 |     1 ||     5
Dodge: Dodged            |    74 |    80 |    44 ||   198
